 Dungeon Sprint DCSS version 0.30.0-29-ga12c61a403 (webtiles) character file.

Game seed: 1794565611159878421

1826 Revguard the Ruffian (level 8, -24/83 HPs)
             Began as a Troll Transmuter on June 7, 2023.
             Was a Priest of Jiyva.
             Killed from afar by a deep elf elementalist (52 damage)
             ... with a fireball
             ... in the Dungeon (Sprint V: "Ziggurat Sprint").
             The game lasted 00:07:27 (757 turns).

Revguard the Ruffian (Troll Transmuter)              Turns: 757, Time: 00:07:30

Health: -24/83     AC:  9    Str: 17    XL:     8   Next: 86%
Magic:  0/19       EV: 12    Int: 25    God:    Jiyva [***...]
Gold:   0          SH:  0    Dex: 14    Spells: 14/17 levels left

rFire   . .          .
                       - Unarmed
rCold   . . .        (no shield)
rNeg    . . .        l - +4 moon troll leather armour {Spirit, Regen++ MP+5}
rPois   .            (helmet currently unavailable)
rElec   .            (no cloak)
rCorr   +            (gloves unavailable)
SInv    .            (boots unavailable)
Will    .....        (no amulet)
Stlth   +            s - +6 ring of dexterity
HPRegen 3.85/turn    u - +6 ring of intelligence
MPRegen 0.51/turn

%: no teleportation, guardian spirit
@: appendages, wereblooded
A: horns 2, talons 2, large, unfitting armour, claws 3, regeneration 1, shaggy
fur 1, tough skin 1, clever 2, pseudopods 1, MP-powered wands
a: End Transformation, Renounce Religion, Oozemancy


You were in the Dungeon.
You worshipped Jiyva.
Jiyva was most pleased with you.
You had temporarily grown beastly horns and talons.
You visited 1 branch

Inventory:

Armour
 a - a +0 robe
 l - the +4 moon troll leather armour (worn) {Spirit, Regen++ MP+5}
   (You found it in the Dungeon)

   MP:        It affects your magic capacity (+5).
   Regen:     It increases your rate of health regeneration.
 A - +5 gold dragon scales
Jewellery
 r - a ring of flight
 s - a +6 ring of dexterity (left claw)
 t - a +6 ring of dexterity
 u - a +6 ring of intelligence (right claw)
 v - a +6 ring of intelligence
 w - a +6 ring of strength
 x - a +6 ring of strength
 F - a +4 ring of protection
 G - a +5 ring of evasion
Wands
 y - a wand of mindburst (26)
 z - a wand of acid (13)
 D - a wand of flame (31)
 I - a wand of roots (5)
 J - a wand of charming (2)
Scrolls
 h - 3 scrolls of blinking
 n - 4 scrolls of amnesia
 o - 7 scrolls of fog
 p - 5 scrolls of identify
 q - 2 scrolls of fear
 E - 2 scrolls of brand weapon
 H - 4 scrolls of enchant armour
Potions
 b - a potion of lignification
 c - 10 potions of curing
 d - 7 potions of heal wounds
 e - 6 potions of haste
 f - 7 potions of magic
 g - 2 potions of berserk rage
 i - 2 potions of brilliance
 j - 2 potions of invisibility
 k - 4 potions of resistance
 m - 5 potions of might
Miscellaneous
 B - a box of beasts (inert)
 C - a phantom mirror


   Skills:
 + Level 5.9 Fighting
 + Level 6.3 Armour
 + Level 6.5 Dodging
 + Level 7.7 Unarmed Combat
 + Level 5.3 Spellcasting
 + Level 6.3 Transmutations
 + Level 5.7 Evocations


You had 14 spell levels left.
You knew the following spells:

 Your Spells              Type           Power      Damage    Failure   Level
a - Beastly Appendage     Tmut           76%        N/A       1%          1
b - Wereblood             Tmut           38%        N/A       1%          2

Your spell library contained the following spells:

 Spells                   Type           Power      Damage    Failure   Level
 Spider Form              Tmut/Pois      22%        N/A       8%          3
 Magic Dart               Conj           24%        1d4       10%         1
 Searing Ray              Conj           12%        2d4       14%         2
 Ice Form                 Ice/Tmut       22%        N/A       26%         4
 Call Canine Familiar     Summ           6%         N/A       28%         3
 Gell's Gravitas          Tloc           6%         N/A       28%         3
 Ozocubu's Armour         Ice            6%         N/A       28%         3
 Stone Arrow              Conj/Erth      12%        3d7       28%         3
 Teleport Other           Tloc           6%         N/A       28%         3
 Animate Armour           Summ/Erth      12%        N/A       67%         4
 Fulminant Prism          Conj/Hex       3%         3d5       67%         4
 Metabolic Englaciation   Hex/Ice        3%         N/A       95%         5
 Dispersal                Tloc           3%         N/A       100%        6
 Simulacrum               Ice/Necr       3%         N/A       100%        6
 Summon Hydra             Summ           3%         N/A       100%        7
 Lehudib's Crystal Spear  Conj/Erth      3%         10d2      100%        8


Dungeon Overview and Level Annotations

Branches:
Dungeon (1/1)

Altars:
Ashenzari
Cheibriados
Dithmenos
Elyvilon
Fedhas
Gozag
Hepliaklqana
Kikubaaqudgha
Makhleb
Nemelex Xobeh
Okawaru
Qazlal
Ru
Sif Muna
Trog
Uskayaw
Vehumet
Wu Jian
Xom
Yredelemnul
Zin
The Shining One
Jiyva
Lugonu

Annotations:
D 1 transporter


Innate Abilities, Weirdness & Mutations

You have temporarily grown beastly horns and talons.
You are too large for most types of armour.
You have claws for hands.
Your natural rate of healing is unusually fast.
You are covered in fur. (AC +1)
You have tough skin. (AC +1)
Your mind is very acute. (Int +8, Str/Dex -2)
Armour fits poorly on your pseudopods.
You expend magic power (3 MP) to strengthen your wands.


Message History

The +1 hand axe of flaming hits you but does no damage.
The water elemental is engulfed in blazing flames.
The +1 hand axe of flaming hits you! The +1 hand axe of flaming burns you.
The +1 war axe of flaming hits you!
* * * LOW HITPOINT WARNING * * *
The +1 war axe of flaming burns you!
* * * LOW HITPOINT WARNING * * *
The +1 hand axe of flaming hits you!
* * * LOW HITPOINT WARNING * * *
The +1 hand axe of flaming burns you.
* * * LOW HITPOINT WARNING * * *
The +1 war axe of flaming is engulfed in blazing flames.
The +1 hand axe of flaming hits you!
* * * LOW HITPOINT WARNING * * *
The +1 hand axe of flaming burns you.
* * * LOW HITPOINT WARNING * * *
You feel much better. The +1 hand axe of flaming hits you!
* * * LOW HITPOINT WARNING * * *
The +1 hand axe of flaming burns you.
* * * LOW HITPOINT WARNING * * *
The water elemental is engulfed in blazing flames.
The water elemental is destroyed!
The salamander hits you but does no damage.
The deep elf pyromancer casts a spell.
The +1 hand axe of flaming hits you.
* * * LOW HITPOINT WARNING * * *
The +1 hand axe of flaming burns you.
* * * LOW HITPOINT WARNING * * *
You feel much better. The +1 hand axe of flaming hits you.
The +1 hand axe of flaming burns you. The salamander hits you.
You are engulfed in flames!
* * * LOW HITPOINT WARNING * * *
Unknown command.
Blink to where?
Press: ? - help, Dir - move target, p - deep elf pyromancer
As you read the scroll of blinking, it crumbles to dust.
The deep elf elementalist casts a spell at you.
The fireball explodes!
The fireball engulfs you!!!
Ouch! That really hurt!
You die...

▓...8©8...▓
▓..)|/)?..▓
▓...|//)..▓
▓.........▓
▓.........▓
▓..°E.○...▓
▓....Ee○(E▓
▓.▓...eE▓N▓
▓.@..©.E(§▓
▓▓▓▓▓▓▓▓▓▓▓


You could see a salamander, a deep elf elementalist (fast, repels missiles), an
earth elemental, a deep elf pyromancer, 4 fire elementals and 2 dancing weapons.

Vanquished Creatures
  A rime drake (D)
  A guardian mummy (D)
  A water moccasin (D)
  2 swamp drakes (D)
  2 orc warriors (D)
  4 phantoms (D)
  2 necrophages (D)
  2 wights (D)
  4 orc priests (D)
  7 orc wizards (D)
  3 mummies (D)
  An adder (D)
  An adder zombie (D)
  An adder skeleton (D)
  An orc (D)
  A bat skeleton (D)
  6 ball pythons (D)
  4 ball python skeletons (D)
  A quokka skeleton (D)
45 creatures vanquished.

Vanquished Creatures (others)
  A caustic shrike (shapeshifter) (D)
  An acid blob (shapeshifter) (D)
  A rockslime (shapeshifter) (D)
  A minotaur (shapeshifter) (D)
  An eleionoma (shapeshifter) (D)
  A great orb of eyes (D)
  A radroach (shapeshifter) (D)
  A catoblepas (shapeshifter) (D)
  A two-headed ogre (shapeshifter) (D)
  A shock serpent (shapeshifter) (D)
  3 skysharks (shapeshifter) (D)
  2 glowing orange brains (shapeshifter) (D)
  An orb spider (shapeshifter) (D)
  A steelbarb worm (shapeshifter) (D)
  A lindwurm (shapeshifter) (D)
  2 manticores (shapeshifter) (D)
  A shining eye (shapeshifter) (D)
  A water nymph (shapeshifter) (D)
  An eye of devastation (shapeshifter) (D)
  A torpor snail (shapeshifter) (D)
  A hellion (D)
  A rime drake (shapeshifter) (D)
  A komodo dragon (shapeshifter) (D)
  A merfolk (shapeshifter) (D)
  A dream sheep (shapeshifter) (D)
  2 culicivoras (shapeshifter) (D)
  A jumping spider (shapeshifter) (D)
  A water elemental (D)
  A yak (shapeshifter) (D)
  A wyvern (shapeshifter) (D)
  2 redbacks (shapeshifter) (D)
  2 swamp worms (shapeshifter) (D)
  2 floating eyes (shapeshifter) (D)
  A sky beast (shapeshifter) (D)
  2 jellies (D)
  A creeping inferno (D)
45 creatures vanquished.

Grand Total: 90 creatures vanquished

Notes
Turn   | Place    | Note
-------+----------+-------------------------------------------
     0 | D        | Revguard the Troll Transmuter began the quest for the Orb.
     0 | D        | Reached XP level 1. HP: 18/18 MP: 1/1
     0 | D        | Found a shimmering blue altar of Sif Muna.
     0 | D        | Found a bloodstained altar of Trog.
     0 | D        | Found a sacrificial altar of Ru.
     0 | D        | Found a stormy altar of Qazlal.
     0 | D        | Found an iron altar of Okawaru.
     1 | D        | Found a sparkling altar of Nemelex Xobeh.
     1 | D        | Found a blossoming altar of Fedhas.
     1 | D        | Found the +6 Majin-Bo {spellvamp, MP+6 Int+6}
     1 | D        | Found the +27 heavy crossbow "Sniper" {heavy, Acc+∞ SInv}
     1 | D        | Found the +10 dark maul {heavy}
     1 | D        | Found the +15 Maxwell's patent armour {-Cast -Tele rElec
                  | Will+ rCorr}
     1 | D        | Found the +18 shield of the Gong {Loud rN+ Will+ rCorr
                  | EV-5}
     1 | D        | Found the +16 obsidian axe {drain, demonic, Mesm Drain Fly
                  | SInv}
     1 | D        | Found the +7 great mace "Firestarter" {flame, immolate,
                  | rFlCloud rF++}
     1 | D        | Found the +6 shillelagh "Devastator" {shatter}
     1 | D        | Found the +11 plutonium sword {Contam Stlth-}
     1 | D        | Found the +8 lance "Wyrmbane" {slay drac, rPois rF+ rC+
                  | AC+3}
     1 | D        | Found the +9 sword of Zonguldrok {reap}
     1 | D        | Found the +13 scythe of Curses {drain, curses, Drain}
     1 | D        | Found the +9 sword of Power {lifebolt}
     1 | D        | Found the +7 mace of Variability {chaos, chaos arc}
     1 | D        | Found the +11 Singing Sword {sonic wave}
     1 | D        | Found the +8 storm bow {elec, penet}
     3 | D        | Found a transporter.
     3 | D        | Found an ancient bone altar of Kikubaaqudgha.
     3 | D        | Found a viscous altar of Jiyva.
     3 | D        | Found a corrupted altar of Lugonu.
     3 | D        | Found a hazy altar of Hepliaklqana.
     3 | D        | Found a burning altar of Makhleb.
     3 | D        | Found an opulent altar of Gozag.
    48 | D        | Became a worshipper of Jiyva Jeycluse the Shapeless
    48 | D        | Killed a rime drake
    50 | D        | Killed a swamp worm
    50 | D        | Killed a floating eye
    51 | D        | Killed a glowing orange brain
    51 | D        | Killed a skyshark
    52 | D        | Killed a redback
    53 | D        | Killed a yak
    54 | D        | Killed a steelbarb worm
    54 | D        | Killed a shining eye
    54 | D        | Killed a rockslime
    54 | D        | Killed an eye of devastation
    54 | D        | Killed a culicivora
    55 | D        | Killed a water nymph
    55 | D        | Killed a great orb of eyes
    56 | D        | Killed a komodo dragon
    56 | D        | Killed a skyshark
    57 | D        | Killed a jumping spider
    57 | D        | Killed a skyshark
    59 | D        | Killed a floating eye
    60 | D        | Killed a radroach
    61 | D        | Killed a manticore
    61 | D        | Killed a two-headed ogre
    63 | D        | Killed a dream sheep
    64 | D        | Killed a lindwurm
    65 | D        | Killed an orb spider
    66 | D        | Killed a wyvern
    66 | D        | Killed a glowing orange brain
    66 | D        | Killed a culicivora
    67 | D        | Killed a caustic shrike
    68 | D        | Killed an acid blob
    68 | D        | Killed a redback
    69 | D        | Killed a swamp worm
    69 | D        | Killed a torpor snail
    70 | D        | Killed a merfolk
    73 | D        | Killed a shock serpent
    74 | D        | Killed a minotaur
    76 | D        | Killed a manticore
    80 | D        | Killed a catoblepas
    81 | D        | Killed an eleionoma
    94 | D        | Killed a sky beast
   245 | D        | Killed a hellion
   332 | D        | Reached skill level 1 in Evocations
   332 | D        | Reached XP level 2. HP: 26/26 MP: 1/4
   338 | D        | Entered arena 2.
   338 | D        | Noticed a necrophage
   338 | D        | Noticed a phantom
   338 | D        | Found a transporter.
   345 | D        | Killed a necrophage
   346 | D        | Reached skill level 1 in Fighting
   346 | D        | Reached XP level 3. HP: 26/35 MP: 2/6
   362 | D        | Killed a phantom
   363 | D        | Reached skill level 4 in Unarmed Combat
   363 | D        | Reached XP level 4. HP: 44/44 MP: 4/8
   363 | D        | Reached XP level 5. HP: 50/50 MP: 4/9
   367 | D        | Entered arena 3.
   367 | D        | Found the +4 moon troll leather armour {Spirit, Regen++
                  | MP+5}
   367 | D        | Noticed a rime drake
   367 | D        | Noticed a swamp drake
   367 | D        | Noticed a swamp drake
   367 | D        | Found a transporter.
   383 | D        | Killed a swamp drake
   390 | D        | Killed a swamp drake
   391 | D        | Reached skill level 5 in Unarmed Combat
   391 | D        | Reached XP level 6. HP: 61/61 MP: 5/10
   395 | D        | Killed a rime drake
   396 | D        | Reached skill level 5 in Dodging
   396 | D        | Reached skill level 6 in Unarmed Combat
   396 | D        | Reached skill level 5 in Transmutations
   396 | D        | Reached XP level 7. HP: 56/70 MP: 5/12
   431 | D        | Learned a level 2 spell: Wereblood
   464 | D        | Entered arena 4.
   464 | D        | Found a transporter.
   464 | D        | Reached * piety under Jiyva
   483 | D        | Reached skill level 5 in Armour
   502 | D        | Entered arena 5.
   502 | D        | Found a transporter.
   532 | D        | Entered arena 6.
   532 | D        | Noticed a guardian mummy
   532 | D        | Found a transporter.
   544 | D        | Killed a guardian mummy
   547 | D        | Reached skill level 5 in Fighting
   565 | D        | Entered arena 7.
   566 | D        | Found a transporter.
   577 | D        | Reached skill level 5 in Evocations
   577 | D        | Reached XP level 8. HP: 78/80 MP: 8/14
   585 | D        | Reached skill level 7 in Unarmed Combat
   597 | D        | Got Lonylan's Dissertation on Convocation
   609 | D        | Entered arena 8.
   609 | D        | Reached ** piety under Jiyva
   610 | D        | Found a transporter.
   621 | D        | Reached skill level 5 in Spellcasting
   651 | D        | Entered arena 9.
   652 | D        | Found a transporter.
   686 | D        | Entered arena 10.
   686 | D        | Reached *** piety under Jiyva
   687 | D        | Found a transporter.
   687 | D        | Gained mutation: Your mind is acute. (Int +4, Str/Dex -1)
                  | [Jiyva's grace]
   687 | D        | Gained mutation: Your mind is very acute. (Int +8, Str/Dex
                  | -2) [Jiyva's grace]
   687 | D        | Gained mutation: You expend magic power (3 MP) to
                  | strengthen your wands. [Jiyva's grace]
   687 | D        | Gained mutation: Armour fits poorly on your pseudopods.
                  | [Jiyva's grace]
   747 | D        | Entered arena 11.
   747 | D        | Noticed a +1 war axe of flaming
   747 | D        | Noticed a +1 hand axe of flaming
   747 | D        | Noticed a deep elf pyromancer
   747 | D        | Noticed a salamander
   747 | D        | Noticed a deep elf elementalist
   748 | D        | Found a transporter.
   757 | D        | Killed from afar by a deep elf elementalist

Illustrated notes

Levels and vault maps discovered:
D:        sprint_v [room_start, room_1, room_2, room_3, room_4, room_5, room_6,
          room_7, room_8, room_9, room_10, room_11, room_12, room_13, room_14,
          room_15, room_16, room_17, room_18, room_19, room_20, room_21,
          room_22, room_23, room_24, room_25, room_26, room_27]

Skill      XL: |  1  2  3  4  5  6  7  8 |
---------------+-------------------------+-----
Armour         | 2 3 4 5 6 |  6.3
Dodging        | 2 3 4 5 6 |  6.5
Spellcasting   | 2 3 4 5 |  5.3
Transmutations | 3 4 5 6 |  6.3
Evocations     | 1 2 3 4 5 |  5.7
Fighting       | 1 2 3 4 5 |  5.9
Unarmed Combat | 4 5 6 7 |  7.7

Action                     |  1- 3 |  4- 6 |  7- 9 || total
---------------------------+-------+-------+-------++-------
  Melee: Unarmed           |    23 |    17 |   128 ||   168
         Punch             |       |     2 |     8 ||    10
         Kick              |       |       |    26 ||    26
         Headbutt          |       |       |    10 ||    10
         Pseudopods        |       |       |     2 ||     2
   Cast: Beastly Appendage |       |       |     6 ||     6
         Wereblood         |       |       |     2 ||     2
  Evoke: Wand              |       |       |     1 ||     1
         Box of beasts     |       |       |     1 ||     1
    Use: Potion            |     1 |     2 |     2 ||     5
         Scroll            |       |       |     1 ||     1
   Stab: Confused          |       |     1 |       ||     1
 Armour: Gold dragon scale |    20 |    19 |       ||    39
         Troll leather arm |       |       |   141 ||   141
  Dodge: Dodged            |     1 |     1 |   144 ||   146
